[Event "Early-Titled-Tuesday-Blitz-January-23-2024"]
[Site "Chess.com"]
[Date "2024.01.23"]
[Round "5"]
[White "threemind"]
[Black "Carlitus2004"]
[Result "1-0"]
[WhiteElo "2194"]
[BlackElo "2370"]
[TimeControl "180+1"]
[EndTime "8:55:35 PST"]
[Termination "threemind won by checkmate"]

1. e3 c5 2. b3 Nc6 3. Bb2 d6 4. Nf3 Nf6 5. Bb5 a6 6. Bxc6+ bxc6 7. O-O g6 8. Bxf6 exf6 9. d4 cxd4 10. Nxd4 Qc7 11. c4 Bg7 12. Nc3 O-O 13. Rc1 f5 14. h4 h5 15. Na4 c5 16. Nf3 Bb7 17. Nc3 Rae8 18. Nd5 Qa5 19. Qd2 Qxd2 20. Nxd2 Bxd5 21. cxd5 Rb8 22. Nc4 Rfd8 23. Rfd1 Bf6 24. g3 Kf8 25. Na5 Rd7 26. Nc6 Rb6 27. Rc4 Ke8 28. e4 fxe4 29.
Rxe4+ Kf8 30. Rde1 Be5 31. f4 Bd4+ 32. Kg2 Kg7 33. Re8 Bf6 34. Ra8 c4 35. bxc4 Rb2+ 36. Kh3 Rxa2 37. Ree8 Rb7 38. Rh8 Bc3 39. Rag8+ Kf6 40.
g4 hxg4+ 41. Kxg4 Rbb2 42. Rh7 Rg2+ 43. Kf3 Rh2 44. Rgg7 Rhf2+ 45. Kg4 Rg2+ 46. Kf3 Raf2+ 47. Ke4 g5 48. Rxf7+ Kg6 49. h5# 1-0

[Event "Early-Titled-Tuesday-Blitz-January-23-2024"]
[Site "Chess.com"]
[Date "2024.01.23"]
[Round "5"]
[White "Grossboss19"]
[Black "BardArtem"]
[Result "0-1"]
[WhiteElo "2570"]
[BlackElo "2822"]
[TimeControl "180+1"]
[EndTime "8:55:36 PST"]
[Termination "BardArtem won on time"]

1. Nf3 d5 2. g3 Nf6 3. Bg2 Nc6 4. d4 Bf5 5. O-O e6 6. c4 Be7 7. Ne5 Nxe5 8. dxe5 Ne4 9. Nd2 Nxd2 10. Bxd2 O-O 11. cxd5 exd5 12. Qb3 Rb8 13. Rfd1 c6 14. e4 Bxe4 15.
Bxe4 dxe4 16. Bb4 Qe8 17. Bd6 Bxd6 18. exd6 Qe5 19. Rd2 b5 20. Rad1 Rfd8 21. Qe3 Rd7 22. Rd4 f5 23. f3 Re8 24. fxe4 fxe4 25. b4 Re6 26. Qd2 e3 27. Qd3 e2 28. Re1 Rdxd6 29.
Rxd6 Rxd6 30. Qxe2 Qxe2 31. Rxe2 Rd4 32. a3 Rd3 33. Re6 Rc3 34. Rd6 Kf8 35. Rd7 Rxa3 36. Rc7 Ra4 37. Rxc6 Rxb4 38. Rc8+ Kf7 39. Rc7+ Kf6 40.
Rxa7 Ra4 41. Rb7 Rb4 42. Kg2 Rb2+ 43. Kf3 b4 44. h4 b3 45. h5 Rb1 46. Kg2 h6 47. Kh2 Ke5 48. Rxg7 b2 0-1

[Event "Early-Titled-Tuesday-Blitz-January-23-2024"]
[Site "Chess.com"]
[Date "2024.01.23"]
[Round "5"]
[White "tarno17"]
[Black "TheoSlade"]
[Result "0-1"]
[WhiteElo "2088"]
[BlackElo "2457"]
[TimeControl "180+1"]
[EndTime "8:55:36 PST"]
[Termination "TheoSlade won by resignation"]

1. e4 e5 2. Nf3 Nc6 3. Bb5 g6 4. O-O Bg7 5. c3 a6 6. Ba4 b5 7. Bb3 Nge7 8. d4 exd4 9. cxd4 d6 10. h3 O-O 11. Nc3 Na5 12. Bc2 c5 13. Ne2 Bb7 14. Be3 Nc4 15. b3 Nxe3 16. fxe3 Nc6 17. a3 Re8 18. g4 Bh6 19. Qd3 Rc8 20. d5 Ne5 21. Nxe5 Rxe5 22. Rf3 Qe7 23. Raf1 Rf8 24. Nf4 Bc8 25. Ng2 Bg7 26. a4 bxa4 27. bxa4 h5 28.
gxh5 Rxh5 29. Nf4 Rg5+ 30. Kf2 Re5 31. Rg1 Qh4+ 32. Ke2 Bd7 33. Qxa6 Qe7 34. Qd3 Rb8 35. Kd2 Rb2 36. Rfg3 Rxe4 37. Nxg6 fxg6 38. Rxg6 Re5 39. Rxg7+ Qxg7 40. Rxg7+ Kxg7 41. Qc3 Ra2 42. Qd3 Bf5 43. Qf1 Rxc2+ 44. Kd1 Ra2 45. Qg1+ Kf7 46. Qg3 Rxd5+ 47. Ke1 Ra1+ 48. Kf2 Rd2+ 49. Kf3 Rf1+ 50. Qf2 Rfxf2+ 51. Kg3 c4 52. Kh4 Rg2 53. a5 Bc8 54. a6 Bxa6 55. Kh5 Rb2 0-1

[Event "Early-Titled-Tuesday-Blitz-January-23-2024"]
[Site "Chess.com"]
[Date "2024.01.23"]
[Round "5"]
[White "viniciusrego"]
[Black "ViratKohl_i"]
[Result "0-1"]
[WhiteElo "2461"]
[BlackElo "2603"]
[TimeControl "180+1"]
[EndTime "8:55:37 PST"]
[Termination "ViratKohl_i won by checkmate"]

1. d4 g6 2. c4 Bg7 3. e4 c6 4.
Nc3 d6 5. Be3 Nf6 6. f3 a6 7.
Qd2 b5 8. cxb5 axb5 9. d5 b4 10. Nd1 cxd5 11. exd5 O-O 12. Bc4 Bb7 13. Ne2 Qa5 14.
Nf4 Rc8 15. Bb3 Nbd7 16. O-O Nb6 17. Bxb6 Qxb6+ 18. Kh1 Bh6 19. g3 Nh5 20. Nf2 Nxf4 21. gxf4 Ra5 22. Rad1 Rcc5 23. Ne4 Rxd5 24. Bxd5 Rxd5 25.
Qf2 Qxf2 26. Nxf2 Ra5 27. Rfe1 Bxf3+ 28. Kg1 Bxd1 29. Nxd1 Rxa2 30. Rxe7 Ra1 31. Re1 Bxf4 32.
Kg2 Be5 33. h3 Kg7 34. Kf3 Bxb2 35. Re2 Bf6 36. Nf2 b3 37. Nd3 Rd1 38. Nb2 Rb1 39. Nc4 d5 40. Nd6 b2 41. Ne8+ Kf8 42. Nxf6 Rf1+ 43. Kg4 b1=Q 44. Re8+ Kg7 45. Kg5 Qf5+ 46.
Kh4 Qxf6+ 47. Kg3 Qf4+ 48. Kg2 Qf2# 0-1

[Event "Early-Titled-Tuesday-Blitz-January-23-2024"]
[Site "Chess.com"]
[Date "2024.01.23"]
[Round "5"]
[White "ClaudiaSof"]
[Black "dianamirza"]
[Result "1-0"]
[WhiteElo "2262"]
[BlackElo "1985"]
[TimeControl "180+1"]
[EndTime "8:55:37 PST"]
[Termination "ClaudiaSof won by resignation"]

1. d4 Nf6 2. Bf4 d6 3. Nc3 g6 4. e4 Bg7 5. Nf3 O-O 6. Be2 c5 7.
d5 Nh5 8. Be3 a6 9. a4 Bd7 10.
O-O Be8 11. Nd2 Nf6 12. Nc4 Nbd7 13. a5 Qc7 14. Qd2 Ne5 15. Nxe5 dxe5 16. Bh6 Nd7 17.
Bxg7 Kxg7 18. Rfd1 b5 19. axb6 Nxb6 20. d6 exd6 21.
Qxd6 Qxd6 22. Rxd6 Nd7 23. Rdxa6 Rxa6 24. Rxa6 f5 25. f3 Bf7 26. Ra7 Nb6 27. b3 Kh6 28.
Rb7 Nc8 29. Nd5 Nd6 30. Rd7 Nc8 31. Bc4 fxe4 32. fxe4 Be6 33. Rc7 Kg5 34. h3 h5 35. Rc6 Bxd5 36. Bxd5 Ne7 37. Re6 Nxd5 38. exd5 Kf5 39. Rc6 e4 40. Rxc5 Kf4 41. Rc3 e3 42. Kf1 Rd8 43. Ke2 Rxd5 44. Rxe3 Rc5 45. c4 g5 46.
Rf3+ Ke4 47. Rd3 g4 48. hxg4 hxg4 49. Rd5 Rxd5 50. cxd5 Kxd5 51. Ke3 Kc5 52. Kf4 Kb4 53. Kxg4 Kxb3 54. Kf5 1-0

[Event "Early-Titled-Tuesday-Blitz-January-23-2024"]
[Site "Chess.com"]
[Date "2024.01.23"]
[Round "5"]
[White "ContrVersia"]
[Black "DTChess"]
[Result "1-0"]
[WhiteElo "2848"]
[BlackElo "2624"]
[TimeControl "180+1"]
[EndTime "8:55:38 PST"]
[Termination "ContrVersia won by checkmate"]

1. c4 Nf6 2. Nc3 g6 3. d4 Bg7 4. e4 d6 5. h3 O-O 6. Be3 Nbd7 7. Nf3 c5 8. d5 b5 9. cxb5 a6 10. a4 Ne8 11. Qc2 axb5 12. Bxb5 Nc7 13. Be2 Ba6 14. O-O Ne5 15. Nxe5 Bxe5 16. Rfb1 Bxe2 17. Nxe2 Na6 18.
Ra3 Nb4 19. Qc4 Qc8 20. Bd2 Rb8 21. b3 f5 22. a5 fxe4 23. Qxe4 Qa6 24. Qc4 Qa8 25.
Bc3 Bxc3 26. Nxc3 Qa6 27. Ra4 Qa8 28. a6 Qa7 29. Re1 Rf7 30. Nb5 Qb6 31. a7 Ra8 32. Re6 Qb7 33. Ra1 Kg7 34. Rae1 Rxa7 35. Nxa7 Qxa7 36.
h4 Qa2 37. f3 Qa7 38. h5 gxh5 39. Kh2 Qb7 40. Qh4 Nxd5 41. Qxh5 Nf6 42. Qg5+ Kf8 43. Qh6+ Kg8 44. Qg5+ Kf8 45. Qh4 Qxb3 46. Rxe7 Rxe7 47. Qxf6+ Rf7 48. Qh8# 1-0

[Event "Early-Titled-Tuesday-Blitz-January-23-2024"]
[Site "Chess.com"]
[Date "2024.01.23"]
[Round "5"]
[White "Janosik"]
[Black "Sanyura"]
[Result "1-0"]
[WhiteElo "2845"]
[BlackElo "2613"]
[TimeControl "180+1"]
[EndTime "8:55:39 PST"]
[Termination "Janosik won by resignation"]

1. d4 Nf6 2. c4 g6 3. Nc3 Bg7 4. e4 d6 5. Bg5 O-O 6. h3 c5 7. d5 e6 8. Bd3 exd5 9. cxd5 Re8 10. Nge2 Nbd7 11. O-O Ne5 12. Bc2 h6 13. Bh4 b5 14.
Nxb5 Ba6 15. Nbc3 Nc4 16. b3 Na3 17. Bd3 Bxd3 18. Qxd3 Qa5 19. Rad1 Rac8 20. Bg3 c4 21. bxc4 Nxc4 22. Rb1 Nd7 23. Rfc1 Na3 24. Ra1 Nc5 25. Qf3 Nc4 26. Kh2 Nd2 27. Qf4 Ncxe4 28. Nxe4 Rxc1 29. Rxc1 Nxe4 30. Qf3 Qd2 31. Bf4 Ng5 32. Bxg5 hxg5 33. Rc7 Be5+ 34. Ng3 Qf4 35. Rxa7 Kg7 36. Rd7 Ra8 37. a3 Qxf3 38. gxf3 Rxa3 39. Kg2 Ra2 40. Ne4 Ra3 41. Nxg5 Rd3 42. Rxf7+ Kg8 43. Rd7 Rxd5 44. Ne4 Rd3 45. h4 d5 46. Nc5 Bf6 47. Nxd3 1-0

[Event "Early-Titled-Tuesday-Blitz-January-23-2024"]
[Site "Chess.com"]
[Date "2024.01.23"]
[Round "5"]
[White "Manukyan_Artak"]
[Black "grzechu96"]
[Result "0-1"]
[WhiteElo "2507"]
[BlackElo "2698"]
[TimeControl "180+1"]
[EndTime "8:55:40 PST"]
[Termination "grzechu96 won by resignation"]

1. e4 c5 2. Nf3 d6 3. Bb5+ Bd7 4. Bxd7+ Nxd7 5. c4 Ngf6 6. Nc3 Ne5 7. d3 e6 8.
Bf4 Nfd7 9. O-O Be7 10. Rb1 O-O 11. a3 Bf6 12. Ne1 Qe7 13. h3 Nc6 14. Bd2 Nd4 15. f4 Rab8 16. b4 cxb4 17. axb4 b5 18. g4 g6 19. g5 Bg7 20. h4 bxc4 21. dxc4 Rfc8 22. h5 Rxc4 23. h6 Bh8 24. Ng2 Rbc8 25. Rc1 R4c7 26. Be3 Nb3 27. Qxb3 Rxc3 28. Rxc3 Rxc3 29.
Qa2 Nb6 30. Ra1 Nc8 31. Qd2 Qb7 32. Bd4 Bxd4+ 33. Qxd4 Qb6 34. Qxb6 axb6 35. Ra8 Kf8 36. Kf2 Ke7 37. Ne3 Kd8 38. Ng4 Kc7 39. Nf6 Kb7 40.
Ra2 Ne7 41. Nxh7 Rh3 42. Nf6 Rh2+ 43. Kg3 Rxa2 44. h7 Ra8 45. Ng8 Rxg8 46. hxg8=Q Nxg8 47. f5 exf5 48. exf5 gxf5 49. Kf4 Ne7 50. g6 fxg6 51. Kg5 Kc6 0-1

[Event "Early-Titled-Tuesday-Blitz-January-23-2024"]
[Site "Chess.com"]
[Date "2024.01.23"]
[Round "5"]
[White "sokidze"]
[Black "karinachess1"]
[Result "1-0"]
[WhiteElo "2837"]
[BlackElo "2606"]
[TimeControl "180+1"]
[EndTime "8:55:41 PST"]
[Termination "sokidze won by resignation"]

1. d4 Nf6 2. c4 e6 3. Nf3 d5 4. g3 dxc4 5. Bg2 Nc6 6. Qa4 Bb4+ 7. Bd2 Bd6 8. Qxc4 O-O 9. O-O e5 10. d5 Ne7 11. Nc3 a6 12. a4 c6 13. dxc6 Nxc6 14. Bg5 Be6 15. Qh4 Be7 16. Rfd1 Qb6 17. Ne4 Nxe4 18. Qxe4 f6 19. Be3 Qb4 20. Nd2 Rfd8 21.
Qxb4 Bxb4 22. Ne4 Bb3 23. Rdc1 Bd5 24. g4 Rac8 25. Bb6 Rd7 26. e3 Kf7 27. h3 h6 28.
Bc5 Rcd8 29. Bb6 Rc8 30. a5 Ke6 31. Bc5 Bxa5 32. Rd1 Bc7 33. Ba3 b6 34. Rdc1 Bd8 35. Rc2 Rdc7 36. Rac1 Ne7 37. Rxc7 Rxc7 38. Rd1 Bxe4 39.
Bxe4 Rd7 40. Bf5+ Nxf5 41. gxf5+ Kxf5 42. Rxd7 1-0

[Event "Early-Titled-Tuesday-Blitz-January-23-2024"]
[Site "Chess.com"]
[Date "2024.01.23"]
[Round "5"]
[White "Al_Shima"]
[Black "LangesNasenhaar"]
[Result "1-0"]
[WhiteElo "2244"]
[BlackElo "2411"]
[TimeControl "180+1"]
[EndTime "8:55:41 PST"]
[Termination "Al_Shima won by checkmate"]

1. d4 g6 2. Nc3 Bg7 3. e4 c6 4.
Nf3 d5 5. h3 dxe4 6. Nxe4 Nf6 7. Nxf6+ exf6 8. Be3 O-O 9. Qd2 Re8 10. O-O-O Be6 11. Kb1 Nd7 12. Bd3 Nb6 13. Bh6 Bh8 14. Rhe1 a5 15. h4 Qd5 16. b3 a4 17. c4 Qd7 18. h5 axb3 19. axb3 Ra3 20. Qb4 Rea8 21. Qxb6 Bg4 22. hxg6 hxg6 23. Kb2 Bxf3 24. gxf3 f5 25.
Bb1 R3a6 26. Qc5 b6 27. Qe7 Bxd4+ 28. Kc2 Qxe7 29. Rxe7 Bxf2 30. Rdd7 Kh7 31. Bg5 Rf8 32.
Rxf7+ Rxf7 33. Rxf7+ Kg8 34. Rc7 Ra8 35. Rxc6 Re8 36.
Rxg6+ Kf7 37. Rf6+ Kg7 38. Rxf5 Re2+ 39. Kd3 Rb2 40. Bc2 Kg6 41. Bd2 Kxf5 42. Kc3+ Ke5 43. Kxb2 Kd4 44. f4 Bg3 45. f5 Be5 46. Bc3+ Ke3 47. Bxe5 Kd2 48. f6 b5 49. f7 b4 50.
f8=Q Ke3 51. Qf4+ Ke2 52. Qe4+ Kd2 53. Bf4# 1-0

[Event "Early-Titled-Tuesday-Blitz-January-23-2024"]
[Site "Chess.com"]
[Date "2024.01.23"]
[Round "5"]
[White "GMSrinath"]
[Black "1mbl4"]
[Result "1-0"]
[WhiteElo "2834"]
[BlackElo "2576"]
[TimeControl "180+1"]
[EndTime "8:55:42 PST"]
[Termination "GMSrinath won by resignation"]

1. Nf3 Nf6 2. c4 g6 3. g3 Bg7 4. Bg2 O-O 5. O-O d6 6. d4 Nbd7 7. Nc3 e5 8. e4 exd4 9. Nxd4 Re8 10. Re1 Nc5 11. h3 Bd7 12. b3 Qc8 13. Kh2 Re5 14. f4 Rh5 15. f5 gxf5 16. Nd5 Nxd5 17. exd5 f4 18. Qxh5 fxg3+ 19. Kh1 Bxd4 20. Bh6 Nd3 21.
Qg5+ Kh8 22. Qxg3 Nxe1 23. Rxe1 Qg8 24. Qf4 Bc3 25. Re3 Bb2 26. Rg3 Qe8 27. Qf2 Be5 28.
Re3 f6 29. Bf4 Qg6 30. Rg3 Qf5 31. Rf3 Qb1+ 32. Kh2 Rg8 33. Bxe5 fxe5 34. Rf7 Qg6 35. Rxd7 e4 36. Qd4+ Rg7 37. Rd8+ 1-0

[Event "Early-Titled-Tuesday-Blitz-January-23-2024"]
[Site "Chess.com"]
[Date "2024.01.23"]
[Round "5"]
[White "ATM622"]
[Black "Mihajlovskij"]
[Result "1-0"]
[WhiteElo "2505"]
[BlackElo "2226"]
[TimeControl "180+1"]
[EndTime "8:55:42 PST"]
[Termination "ATM622 won by checkmate"]

1. d4 Nf6 2. c4 g6 3. g3 Bg7 4. Bg2 O-O 5. Nf3 d6 6. O-O Nc6 7. Nc3 e5 8. dxe5 dxe5 9. Qxd8 Rxd8 10. Bg5 Be6 11. Nd2 h6 12. Bxf6 Bxf6 13. Nd5 Bxd5 14.
cxd5 Ne7 15. e4 c6 16. Rac1 cxd5 17. exd5 Nxd5 18. Ne4 Bg7 19. Rfd1 f5 20. Nc5 e4 21. Nxb7 Rd7 22. Nc5 Rd6 23. Nxe4 fxe4 24. Bxe4 Rad8 25. Rd2 Nb6 26. Rxd6 Rxd6 27. Rc7 Bxb2 28. Rxa7 Rd2 29. Bxg6 Bd4 30. Kg2 Rxf2+ 31. Kh3 Nd5 32. Rd7 Rxa2 33. Bf7+ Kf8 34. Bxd5 Rd2 35. Be4 Be3 36. Rb7 Bg1 37.
Kg4 Bxh2 38. Rb1 Rd4 39. Re1 h5+ 40. Kh3 Bg1 41. Bg6 Bf2 42. Rf1 Kg7 43. Bxh5 Bxg3 44. Kxg3 Kh6 45. Rf5 Rd7 46. Kh4 Rg7 47. Rf6+ Kh7 48.
Bg4 Re7 49. Kg5 Rg7+ 50. Kh5 Kg8 51. Be6+ Kh7 52. Rh6# 1-0

[Event "Early-Titled-Tuesday-Blitz-January-23-2024"]
[Site "Chess.com"]
[Date "2024.01.23"]
[Round "5"]
[White "MIss_MIaMI"]
[Black "hsd2016"]
[Result "0-1"]
[WhiteElo "2439"]
[BlackElo "2297"]
[TimeControl "180+1"]
[EndTime "8:55:42 PST"]
[Termination "hsd2016 won by checkmate"]

1. e4 c5 2. Nf3 e6 3. d4 cxd4 4.
c3 a6 5. Bd3 dxc3 6. Nxc3 Nc6 7. O-O d6 8. Qe2 e5 9. h3 Nf6 10.
Rd1 Be7 11. Bc4 O-O 12. Bg5 h6 13. Bh4 b5 14. Bb3 Bb7 15. Bxf6 Bxf6 16. Nd5 Rc8 17. Rd2 Bg5 18. Nxg5 Qxg5 19. Nb6 Rcd8 20. Bd5 Nd4 21. Rxd4 exd4 22. Bxb7 Qe7 23. Bxa6 Qa7 24. Bxb5 Qxb6 25. Bc4 Rfe8 26. Bd5 Rc8 27. b3 Rc3 28. Qd2 Rec8 29. Qf4 Qc7 30. Kh2 Qe7 31. a4 R8c7 32. a5 Qe5 33. g3 Qxf4 34. gxf4 Ra7 35. a6 d3 36. Kg2 d2 37. Rd1 Rxa6 38. Rxd2 Kf8 39. Bc4 Rb6 40. f3 Ke7 41. Kg3 f6 42. Kg4 Rc1 43. Ra2 Rb7 44.
Kf5 Rg1 45. Bd5 g6# 0-1

[Event "Early-Titled-Tuesday-Blitz-January-23-2024"]
[Site "Chess.com"]
[Date "2024.01.23"]
[Round "5"]
[White "Sajith_Peiris"]
[Black "Barmen_EV"]
[Result "0-1"]
[WhiteElo "2220"]
[BlackElo "2497"]
[TimeControl "180+1"]
[EndTime "8:55:42 PST"]
[Termination "Barmen_EV won by resignation"]

1. e4 c5 2. c3 Nf6 3. e5 Nd5 4. d4 cxd4 5. cxd4 Nc6 6. Nf3 d6 7. Bc4 dxe5 8. dxe5 Be6 9. O-O g6 10.
Bb3 Bg7 11. Re1 O-O 12. Nc3 Nxc3 13. bxc3 Qxd1 14. Bxd1 Rfd8 15. Bc2 Rd7 16. Bf4 Rad8 17. h3 h6 18. Bg3 g5 19. Re3 Rd5 20. Bb3 Rc5 21.
Bxe6 fxe6 22. Rb1 b6 23. Rb3 Rdd5 24. Ra3 a5 25. Rb3 b5 26. Kh2 Kf7 27. Rxb5 Rxb5 28. c4 Rbc5 29. cxd5 exd5 30. Rd3 e6 31. Rb3 d4 32.
Rb7+ Kg6 33. Rd7 Rd5 34. Rd6 Kf5 35. Rxc6 d3 36. Rd6 Bf8 37. Rxd5 exd5 38. Kg1 Bb4 39. Kf1 h5 40. a3 Bxa3 41. Ke1 Bb4+ 42. Kd1 a4 43.
Nd2 Bxd2 44. Kxd2 a3 45. e6 Kxe6 46. f4 a2 0-1

[Event "Early-Titled-Tuesday-Blitz-January-23-2024"]
[Site "Chess.com"]
[Date "2024.01.23"]
[Round "5"]
[White "viktorgen2021"]
[Black "Seochesspie"]
[Result "1/2-1/2"]
[WhiteElo "2548"]
[BlackElo "2802"]
[TimeControl "180+1"]
[EndTime "8:55:43 PST"]
[Termination "Game drawn by repetition"]

1. d4 d6 2. Nf3 g6 3. g3 Bg7 4. Bg2 Nf6 5. O-O O-O 6. Nc3 Bf5 7. a4 Ne4 8. Nxe4 Bxe4 9. a5 a6 10. c3 e6 11. Re1 Nd7 12. Bf1 Bxf3 13. exf3 d5 14. Qb3 Rb8 15. Bf4 Qc8 16. Rac1 Ra8 17. c4 dxc4 18. Bxc4 c6 19. d5 Nc5 20. Qa3 exd5 21. Bxd5 cxd5 22. Rxc5 Qd7 23. Rc7 Qb5 24. Be5 Rfe8 25. Re7 Rxe7 26. Qxe7 Re8 27. Qd6 Qxa5 28. Re3 Bxe5 29. Rxe5 Rxe5 30. Qb8+ Kg7 31. Qxe5+ Kf8 32. Qb8+ Kg7 33. Qe5+ Kf8 34. Qb8+ Ke7 35. Qxb7+ Kf6 36.
Qc6+ Kg7 37. Kg2 Qd2 38. Qxa6 Qxb2 39. Qd3 d4 40. f4 Qb7+ 41. Qf3 Qd7 42. Qd3 h5 43. Kf3 f5 44. Ke2 Kf6 45. Qc4 Qe6+ 46. Kd3 Qe4+ 47. Kd2 h4 48. Qc8 hxg3 49. hxg3 Qd5 50.
Qh8+ Kf7 51. Qh7+ Kf6 52. Qh8+ Kf7 53. Qh7+ Kf6 54. Qh8+ 1/2-1/2

[Event "Early-Titled-Tuesday-Blitz-January-23-2024"]
[Site "Chess.com"]
[Date "2024.01.23"]
[Round "5"]
[White "IlanSchnaider"]
[Black "FLYD"]
[Result "1-0"]
[WhiteElo "2782"]
[BlackElo "2100"]
[TimeControl "180+1"]
[EndTime "8:55:44 PST"]
[Termination "IlanSchnaider won by checkmate"]

1. e4 e5 2. Nf3 Nf6 3. d4 Nxe4 4.
Bd3 d5 5. Nxe5 Nc6 6. Nxc6 bxc6 7.
O-O Bd6 8. Re1 O-O 9. Bxe4 dxe4 10. Rxe4 c5 11. Nc3 cxd4 12. Rxd4 Bb7 13. Bf4 Qf6 14. Bxd6 cxd6 15. Rxd6 Qg5 16. Qf1 Rfe8 17. Rad1 Rac8 18. Rd7 Bc6 19. Rxa7 h5 20. f3 h4 21. Qf2 h3 22.
g3 Re3 23. Ne4 Qh6 24. Ra6 f5 25. Rd6 Bxe4 26. Rxh6 Rxf3 27. Qd2 Re8 28. Rhe6 Rf8 29. Re5 Bb7 30. Rb6 Ba8 31. Rb3 Rxb3 32. axb3 f4 33.
gxf4 Rxf4 34. Qxf4 Bd5 35. Re8+ Kh7 36. Qf5+ g6 37.
Qxd5 g5 38. Qf5+ Kh6 39. Qf6+ Kh5 40. Rh8+ Kg4 41. Qxg5+ Kf3 42. Rxh3+ Ke2 43. Qe3+ Kd1 44. Qf2 Kc1 45. b4 Kxb2 46. b5 Kb1 47. b6 Kb2 48. b7 Kc1 49. b8=Q Kd1 50. Qb1# 1-0

[Event "Early-Titled-Tuesday-Blitz-January-23-2024"]
[Site "Chess.com"]
[Date "2024.01.23"]
[Round "5"]
[White "agvega14"]
[Black "UK_23"]
[Result "1-0"]
[WhiteElo "2173"]
[BlackElo "2371"]
[TimeControl "180+1"]
[EndTime "8:55:44 PST"]
[Termination "agvega14 won by resignation"]

1. e4 e5 2. Nf3 Nc6 3. d4 exd4 4. Bc4 Nf6 5. e5 d5 6. Bb5 Nd7 7. O-O Be7 8. Bxc6 bxc6 9. Nxd4 Nb8 10. Nc3 O-O 11.
f4 f6 12. Qh5 fxe5 13. fxe5 Rxf1+ 14. Kxf1 Qf8+ 15. Nf3 Bf5 16. Be3 Bxc2 17. Rc1 Bg6 18. Qg4 Qf5 19. Qxf5 Bxf5 20. Kg1 h6 21. Na4 Kf7 22.
Nd4 Bd7 23. a3 a5 24. Rf1+ Ke8 25. e6 Bc8 26. Nf5 Bxe6 27. Nxg7+ Kd7 28. Bc5 Bg8 29. Bxe7 Kxe7 30. Nc5 Kd6 31. b4 axb4 32. axb4 Nd7 33. Nf5+ Ke5 34. Nxd7+ Ke4 35. Nc5+ Ke5 36. Nxh6 Bh7 37.
Ng4+ Kd4 38. Rc1 Rb8 39. Na6 Rb6 40. Nxc7 Rxb4 41. Rxc6 Be4 42. h3 Rb2 43. Ne6+ Kd3 44. Nf4+ Kd4 45. Kh2 Bf5 46. Kg3 Rb3+ 47. Kh4 Ke4 48. Nh5 d4 49. Ng3+ Kf4 50. Rf6 Rxg3 51. Rxf5+ Kxf5 52. Kxg3 Ke4 53. Kf2 Kd3 54. Ne5+ Ke4 55.
Nf3 d3 56. Ke1 Kf4 57. Kd2 Kg3 58. h4 1-0

[Event "Early-Titled-Tuesday-Blitz-January-23-2024"]
[Site "Chess.com"]
[Date "2024.01.23"]
[Round "5"]
[White "LuminaryHunter"]
[Black "RCone"]
[Result "0-1"]
[WhiteElo "2223"]
[BlackElo "2432"]
[TimeControl "180+1"]
[EndTime "8:55:45 PST"]
[Termination "RCone won on time"]

1. e4 d6 2. d4 g6 3. c4 Bg7 4. Nc3 Nf6 5. Be2 O-O 6. Nf3 Na6 7. Bf4 Nd7 8. e5 dxe5 9. Nxe5 Nf6 10. O-O Bf5 11. h3 h5 12. Qd2 Ne4 13. Nxe4 Bxe4 14. Rfd1 c6 15. Rac1 Qb6 16. Rc3 Rad8 17. Rg3 Qb4 18.
a3 Qxd2 19. Rxd2 e6 20. Re3 Bb1 21. Rb3 f6 22. Nxg6 Bxg6 23. Rxb7 Rf7 24. Rb3 e5 25. dxe5 Rxd2 26. Bxd2 fxe5 27. c5 Nxc5 28. Rb8+ Rf8 29. Bc4+ Kh7 30. Rb4 e4 31. Be3 Nd3 32. Rb7 Nxb2 33.
Bd4 Nxc4 34. Rxg7+ Kh6 35. Rxa7 Rd8 36. Bg7+ Kg5 37. h4+ Kf5 38. a4 Rd2 39. a5 Ra2 40.
a6 e3 41. fxe3 Nxe3 42. Bh6 Nxg2 43. Kh2 Nxh4+ 44. Kg3 Ng2 0-1

[Event "Early-Titled-Tuesday-Blitz-January-23-2024"]
[Site "Chess.com"]
[Date "2024.01.23"]
[Round "5"]
[White "Chernov_Mikhail"]
[Black "NM_Antelacus"]
[Result "0-1"]
[WhiteElo "2358"]
[BlackElo "2192"]
[TimeControl "180+1"]
[EndTime "8:55:46 PST"]
[Termination "NM_Antelacus won by resignation"]

1. e4 c5 2. Nf3 Nc6 3. Bb5 g6 4. O-O Bg7 5. Re1 Nf6 6. c3 O-O 7. a4 d5 8. e5 Ne8 9. d4 cxd4 10. cxd4 Nc7 11. Bxc6 bxc6 12. Qc2 Bg4 13. Nbd2 Qd7 14. h3 Bxf3 15. Nxf3 Ne6 16. b4 Qb7 17. Ba3 Rfc8 18. Rab1 Qb6 19. Qc3 Rab8 20. Rec1 Qa6 21. Qc2 Qb6 22.
Qd1 a5 23. bxa5 Qxa5 24. Rxc6 h6 25. Rxc8+ Rxc8 26. Bxe7 Rc4 27. Bf6 Qxa4 28. Qxa4 Rxa4 29. Bxg7 Kxg7 30. Rd1 g5 31. g3 Kg6 32. Kf1 h5 33. g4 hxg4 34. hxg4 Nf4 35. Ng1 Ne6 36. Ne2 f5 37. f3 fxg4 38. fxg4 Rc4 39. Kf2 Rb4 40.
Ke3 Rb3+ 41. Rd3 Rb1 42. Rc3 Kf7 43. Ra3 Rb7 44. Ra5 Rb3+ 45. Kf2 Rb2 46. Rxd5 Rxe2+ 47. Kxe2 Nf4+ 48. Ke3 Nxd5+ 49. Ke4 Ke6 50. Kf3 Nc3 51. Ke3 Kd5 52. Kd3 Nb5 53. Ke3 Nxd4 0-1

[Event "Early-Titled-Tuesday-Blitz-January-23-2024"]
[Site "Chess.com"]
[Date "2024.01.23"]
[Round "5"]
[White "AsterPhoenix"]
[Black "Yurasova_Daria"]
[Result "0-1"]
[WhiteElo "2565"]
[BlackElo "2462"]
[TimeControl "180+1"]
[EndTime "8:55:48 PST"]
[Termination "Yurasova_Daria won on time"]

1. e4 e5 2. Nf3 Nc6 3. Bc4 Bc5 4. d3 Nf6 5. Nc3 d6 6. Bg5 Bg4 7. Nd5 Nd4 8. Nxd4 Bxd1 9. Nf5 Bxf2+ 10. Kxd1 Rg8 11.
Rf1 c6 12. Nxg7+ Rxg7 13. Bxf6 Qd7 14. Bxg7 Qg4+ 15. Kd2 Qg5+ 16. Ke2 cxd5 17. Bb5+ Kd8 18. Rxf2 Qxg7 19. exd5 a6 20. Bc4 Ke7 21. Raf1 Rf8 22.
c3 f5 23. g3 Qg4+ 24. Kd2 b5 25.
Bb3 h5 26. Bd1 Qg5+ 27. Kc2 h4 28. gxh4 Qxh4 29. Rxf5 Rxf5 30. Rxf5 Qxh2+ 31. Kc1 Qh6+ 32. Kc2 Qh2+ 33. Kc1 Qh1 34. Rf3 a5 35. a3 a4 36.
Kd2 Qg2+ 37. Be2 Qg5+ 38. Kc2 Qg2 39. Kd2 Kd7 40. Kd1 Qh1+ 41. Kd2 Qh6+ 42. Kc2 Kc7 43.
Rf1 Qh2 44. Kd2 Kb6 45. Rf8 Qh6+ 46. Kc2 Qxf8 0-1

[Event "Early-Titled-Tuesday-Blitz-January-23-2024"]
[Site "Chess.com"]
[Date "2024.01.23"]
[Round "5"]
[White "ProChessWICTH"]
[Black "I_am_Javi"]
[Result "0-1"]
[WhiteElo "2530"]
[BlackElo "2788"]
[TimeControl "180+1"]
[EndTime "8:55:49 PST"]
[Termination "I_am_Javi won by resignation"]

1. e4 e5 2. Nf3 Nc6 3. d4 exd4 4. Bc4 g6 5. Nxd4 Bg7 6. Nxc6 bxc6 7. O-O Ne7 8. Nc3 O-O 9. Bg5 h6 10. Bh4 d6 11.
Qd2 Be6 12. Bb3 c5 13. Rfd1 c4 14. Ba4 Rb8 15. Rab1 g5 16. Bg3 Ng6 17. b3 h5 18.
h3 h4 19. Bh2 g4 20. hxg4 Bxg4 21. f3 Be6 22. bxc4 Rxb1 23. Rxb1 h3 24. g4 Qf6 25. Rb3 Qxf3 26. Nd5 Bd4+ 27. Ne3 Qxg4+ 28. Kf2 Qg2+ 29.
Ke1 Qh1+ 30. Nf1 Qxe4+ 31. Kd1 Bxc4 32. Ng3 Qg4+ 33. Kc1 Bxb3 34. Bxb3 Be5 35. Qf2 Qf4+ 36. Qxf4 Bxf4+ 37. Kd1 Ne5 38. Ke2 Re8 39. Kf2 Ng4+ 40.
Kf3 Nxh2+ 41. Kxf4 Re1 42. Nf5 Nf1 43. Bd5 h2 44.
Nh6+ Kg7 45. Ng4 Rd1 46. Bf3 Rd2 47. Be4 Rxc2 48. Bxc2 h1=Q 49. Be4 Qh4 50. Kf3 Nh2+ 51. Nxh2 Qxh2 52. Bf5 Qxa2 0-1

[Event "Early-Titled-Tuesday-Blitz-January-23-2024"]
[Site "Chess.com"]
[Date "2024.01.23"]
[Round "5"]
[White "GaiozNigalidze"]
[Black "FGHSMN"]
[Result "0-1"]
[WhiteElo "2705"]
[BlackElo "2993"]
[TimeControl "180+1"]
[EndTime "8:55:50 PST"]
[Termination "FGHSMN won by resignation"]

1. d4 Nf6 2. c4 b6 3. Nc3 Bb7 4. d5 e6 5. a3 Bd6 6. Nf3 O-O 7. g3 c6 8. dxe6 dxe6 9. Bg2 c5 10. O-O Nc6 11. Qc2 h6 12. Rd1 Qe7 13. b3 a6 14.
Bb2 Rfd8 15. e3 Bc7 16. Rxd8+ Rxd8 17. Rd1 Na5 18. Rxd8+ Qxd8 19. Nd2 Bxg2 20. Kxg2 Qa8+ 21. f3 Be5 22. Qd3 Nb7 23. Nde4 Nxe4 24. Qxe4 Bf6 25.
Kf2 Qd8 26. Ke2 Nd6 27. Qc6 Nf5 28. Na4 Bxb2 29. Nxb2 Qf6 30. Nd1 Qa1 31. Qe8+ Kh7 32. Qxf7 Qa2+ 33. Ke1 Qxh2 34. Qxe6 Nxg3 35. Nc3 Qg1+ 36.
Kd2 Qf2+ 37. Kd3 Qxf3 38. Qxb6 h5 39. Qxc5 h4 40. Qd4 Qh5 41. Ne4 Qd1+ 42. Nd2 Qe2+ 43. Kc3 Qh5 44. Qf4 h3 45. Nf3 Ne2+ 46. Kb4 Nxf4 0-1